Description

The exact build order from Reynor on IEM Katowice 2021. The match played: Reynor v Zest. Game 2 - Lightshade LE Link for the replay: https://lotv.spawningtool.com/65321/

Replay - Reynor v Zest: Game 2 - Lightshade LE

Build Order

Get SALT Encoding   

  12  0:00  Drone  
  13  0:12  Overlord  
  13  0:17  Drone  
  14  0:30  Drone x2  
  16  0:42  Drone  
  17  0:52  Hatchery  
  17  0:55  Drone  
  17  0:59  Drone  
  18  1:09  Extractor  
  17  1:15  Spawning Pool  
  17  1:17  Drone  
  17  1:20  Drone  
  18  1:27  Drone  
  19  1:38  Drone  
  20  1:49  Overlord  
  20  2:01  Queen  
  20  2:03  Zergling x2  
  20  2:05  Queen  
  20  2:06  Drone  
  26  2:11  Drone  
  26  2:14  Drone  
  28  2:21  Zergling x2  
  28  2:22  Metabolic Boost  
  29  2:26  Drone  
  30  2:35  Hatchery  
  29  2:37  Drone  
  29  2:39  Drone  
  31  2:46  Queen  
  33  2:51  Overlord  
  33  2:55  Drone  
  33  2:57  Drone  
  35  2:59  Drone  
  36  3:10  Drone x5  
  41  3:16  Queen  
  41  3:19  Overlord  
  43  3:22  Drone  
  43  3:27  Spore Crawler  
  43  3:28  Drone  
  44  3:36  Overlord  
  44  3:37  Queen  
  44  3:39  Drone  
  44  3:41  Drone x2  
  48  3:43  Drone  
  50  3:49  Spore Crawler  
  50  3:51  Spore Crawler  
  50  3:52  Drone x2  
  50  3:54  Drone x2  
  52  4:04  Drone, Queen  
  52  4:06  Overlord  
  52  4:07  Drone  
  52  4:08  Drone  
  57  4:10  Drone  
  57  4:14  Overlord  
  58  4:17  Overlord  
  58  4:21  Drone  
  58  4:23  Overlord  
  58  4:26  Drone x4  
  58  4:28  Drone x2  
  58  4:30  Drone  
  64  4:32  Zergling x2  
  67  4:38  Drone x2  
  67  4:39  Lair  
  67  4:41  Overlord  
  67  4:45  Roach Warren  
  66  4:47  Evolution Chamber  
  66  4:49  Zergling x4  
  66  4:50  Zergling x2  
  66  4:51  Zergling x2  
  66  4:52  Zergling x2  
  67  5:02  Drone x3  
  67  5:03  Drone x3  
  70  5:14  Drone x5  
  70  5:15  Drone  
  70  5:18  Drone  
  70  5:19  Drone  
  78  5:21  Extractor  
  78  5:22  Extractor, Drone  
  78  5:24  Drone  
  78  5:26  Zerg Missile Weapons Level 1  
  78  5:27  Drone x2  
  80  5:31  Extractor, Drone x2  
  80  5:33  Drone x2  
  83  5:37  Drone  
  83  5:38  Overlord  
  84  5:45  Drone x3  
  84  5:48  Drone  
  88  5:52  Extractor, Drone  
  88  5:53  Extractor  
  87  5:59  Glial Reconstitution, Overlord, Hatchery  
  87  6:03  Overseer  
  86  6:10  Drone x5  
  86  6:11  Drone, Overlord  
  92  6:16  Overlord  
  92  6:23  Roach x6  
  104  6:26  Overlord  
  104  6:28  Roach x4  
  104  6:30  Roach  
  114  6:35  Roach x2  
  114  6:36  Roach  
  120  6:45  Overlord x2  
  120  6:46  Drone  
  121  6:48  Roach  
  121  6:49  Roach x2, Spine Crawler  
  126  6:56  Roach x3  
  126  6:58  Overlord  
  126  7:00  Roach x2  
  136  7:07  Ravager x4  
  139  7:08  Roach  
  139  7:09  Roach  
  139  7:12  Overlord  
  139  7:13  Roach  
  145  7:16  Roach x3  
  145  7:18  Ravager x2  
  145  7:19  Drone  
  145  7:20  Roach  
  145  7:21  Extractor  
  155  7:25  Overlord  
  155  7:26  Roach x4  
  155  7:27  Roach, Overlord  
  155  7:29  Drone  
  165  7:34  Roach x3  
  171  7:38  Overlord  
  171  7:40  Infestation Pit  
  171  7:42  Drone  
  171  7:44  Drone x2  
  171  7:45  Drone x3  
  171  7:48  Roach  
  171  7:51  Roach x3  
  182  7:53  Drone x2  
  182  7:55  Overlord  
  182  7:57  Roach x2  
  187  7:59  Roach  
  187  8:02  Ravager x2  
  187  8:03  Roach  
  191  8:07  Roach x2  
  191  8:08  Roach  
  191  8:09  Roach  
  199  8:13  Spore Crawler  
  199  8:18  Hive  
  199  8:19  Spine Crawler x2  
  196  8:23  Ravager  
  197  8:33  Spine Crawler, Overlord  
  197  8:34  Overlord  
  196  8:35  Spine Crawler  
  196  8:38  Overlord  
  195  8:42  Overlord  
  195  8:52  Hydralisk Den, Overlord  
  194  8:56  Drone x5  
  199  9:11  Extractor  
  199  9:12  Spine Crawler  
  199  9:13  Spine Crawler  
  199  9:14  Roach  
  198  9:19  Hydralisk Den  
  197  9:25  Roach x4  
  197  9:27  Roach x6  
  182  9:31  Roach  
  182  9:32  Roach x7  
  182  9:35  Roach  
  182  9:36  Roach x3  
  182  9:38  Overlord  
  195  9:40  Roach x3  
  195  9:43  Roach x2  
  195  9:44  Roach  
  186  9:46  Overlord  
  173  9:54  Roach x8  
Spawning Tool Build Advisor. Get it on Overwolf

Analysis

Drones are kept in the build order for reminding you to build workers constantly.

Go to:

Details

  • Created by: dezea
  • Published on: Mar 05, 2021
  • Modified on: Mar 05, 2021
  • Patch: 4.11.0
  • Difficulty: Medium
Show
View Real Time Build Order
Export as new Build Order

Comments (0)

There are no comments. Be the first!

Create an account to comment!